PIO (24 & UNDER)
CHULA VISTA TACOS @ EAU CLAIRE ESQUIRES
04/06/2028
 
TOP OF THE 1ST
Chula Vista Tacos batting - Pitching for Eau Claire Esquires : LHP César Galván
Pitching: LHP César Galván
Batting: RHB Matt O'Rourke 0-0: Ball
1-0: Fly out, F8 (Flyball, 78M)
Batting: RHB Gerald Davis 0-0: Ball
1-0: Called Strike
1-1: SINGLE (Groundball, 6) (infield hit)
Batting: LHB Arthur MacDonald 0-0: Ball
1-0: Fly out, F7 (Flyball, 7S)
Batting: RHB Jake Reeves 0-0: Ball
1-0: Ball
2-0: Called Strike
2-1: Fly out, F9 (Flyball, 9)
Top of the 1st over - 0 run(s), 1 hit(s), 0 error(s), 1 left on base; Chula Vista 0 - Eau Claire 0
BOTTOM OF THE 1ST
Eau Claire Esquires batting - Pitching for Chula Vista Tacos : RHP Andrés Franco
Pitching: RHP Andrés Franco
Batting: SHB José Gonzáles 0-0: Called Strike
0-1: Called Strike
0-2: Ball
1-2: Ball
2-2: Ball
3-2: Ground out U3 (Groundball, 3L)
Batting: RHB Pedro García 0-0: Foul Ball, location: 2F
0-1: Ball
1-1: Foul Ball, location: 2F
1-2: Reached on error, E6 (Groundball, 6)
Batting: RHB Jason Stover 0-0: Foul Ball, location: 2F
0-1: Called Strike
0-2: SINGLE (Flyball, 34D)
Pedro García to second
Runner from 2nd tries for 3rd, SAFE, throw made to third
Batting: RHB Rich Henley 0-0: Ball
1-0: Called Strike
1-1: Ball
2-1: Fly out, F7 (Line Drive, 7)
Runner from 3rd tags up, SCORES, no throw
Batting: RHB Kyle McIntyre 0-0: Swinging Strike
0-1: Ball
1-1: Foul Ball, location: 2F
1-2: Ball
2-2: Strikes out looking
Bottom of the 1st over - 1 run(s), 1 hit(s), 1 error(s), 1 left on base; Chula Vista 0 - Eau Claire 1
TOP OF THE 2ND
Chula Vista Tacos batting - Pitching for Eau Claire Esquires : LHP César Galván
Batting: LHB Ethan Shaw 0-0: Ground out 5-3 (Groundball, 56S)
Batting: LHB Dave Reynolds 0-0: Ball
1-0: Called Strike
1-1: Ball
2-1: Foul Ball, location: 2F
2-2: Ball
3-2: Ground out 6-3 (Groundball, 6S)
Batting: LHB Steven Smith 0-0: Ball
1-0: Foul Ball, location: 2F
1-1: DOUBLE (Line Drive, 78XD)
Batting: RHB Jake Lawrence 0-0: Ball
1-0: Called Strike
1-1: SINGLE (Flyball, 9LS)
Steven Smith to third
Runner from 3rd tries for Home, SAFE, no throw
Batting: LHB Nick Hill 0-0: Ball
Balk!
Jake Lawrence to second
1-0: Ball
2-0: Ball
3-0: Called Strike
3-1: Base on Balls
Batting: RHB Matt O'Rourke 0-0: Called Strike
0-1: Ball
1-1: Ball
2-1: SINGLE (Groundball, 4MD)
Jake Lawrence to third
Nick Hill to second
Runner from 3rd tries for Home, SAFE, throw made at trailing runner, SAFE at third!
Batting: RHB Gerald Davis 0-0: Ball
1-0: Ground out 1-3 (Groundball, 13)
Top of the 2nd over - 2 run(s), 3 hit(s), 0 error(s), 2 left on base; Chula Vista 2 - Eau Claire 1
BOTTOM OF THE 2ND
Eau Claire Esquires batting - Pitching for Chula Vista Tacos : RHP Andrés Franco
Batting: LHB António Chávez 0-0: Ball
1-0: Ball
2-0: Ball
3-0: Called Strike
3-1: Base on Balls
Batting: RHB Chet White 0-0: Foul Ball, location: 2F
0-1: Ball
1-1: Grounds into double play, 4-6-3 (Groundball, 4)
Batting: RHB Francisco Fernández 0-0: Called Strike
0-1: Fly out, F8 (Line Drive, 8LD)
Bottom of the 2nd over - 0 run(s), 0 hit(s), 0 error(s), 0 left on base; Chula Vista 2 - Eau Claire 1
TOP OF THE 3RD
Chula Vista Tacos batting - Pitching for Eau Claire Esquires : LHP César Galván
Batting: LHB Arthur MacDonald 0-0: Ball
1-0: Ball
2-0: Called Strike
2-1: Foul Ball, location: 2F
2-2: Fly out, F9 (Flyball, 9S)
Batting: RHB Jake Reeves 0-0: Swinging Strike
0-1: Ball
1-1: Ball
2-1: SINGLE (Line Drive, 8LS)
Batting: LHB Ethan Shaw 0-0: Fly out, F8 (Flyball, 8LD)
Batting: LHB Dave Reynolds 0-0: 2-RUN HOME RUN (Flyball, 9D), Distance : 343 ft
Batting: LHB Steven Smith 0-0: Ground out 4-3 (Groundball, 4)
Top of the 3rd over - 2 run(s), 2 hit(s), 0 error(s), 0 left on base; Chula Vista 4 - Eau Claire 1
BOTTOM OF THE 3RD
Eau Claire Esquires batting - Pitching for Chula Vista Tacos : RHP Andrés Franco
Batting: RHB Dave Anderson 0-0: Ball
1-0: Foul Ball, location: 2F
1-1: Ball
2-1: Ball
3-1: Base on Balls
Batting: SHB José Gonzáles 0-0: Called Strike
0-1: Foul Ball, location: 2F
0-2: Ball
1-2: Strikes out swinging
Batting: RHB Pedro García 0-0: Ball
1-0: Ball
2-0: Swinging Strike
2-1: 2-RUN HOME RUN (Flyball, 7D), Distance : 357 ft
Batting: RHB Jason Stover 0-0: Called Strike
0-1: Ball
1-1: Foul Ball, location: 2F
1-2: SINGLE (Line Drive, 34D)
Batting: RHB Rich Henley 0-0: Called Strike
0-1: Ball
Jason Stover is caught stealing 2nd base
1-1: Fly out, F9 (Flyball, 9LM)
Bottom of the 3rd over - 2 run(s), 2 hit(s), 0 error(s), 0 left on base; Chula Vista 4 - Eau Claire 3
TOP OF THE 4TH
Chula Vista Tacos batting - Pitching for Eau Claire Esquires : LHP César Galván
Batting: RHB Jake Lawrence 0-0: Ball
1-0: Swinging Strike
1-1: Foul Ball, location: 2F
1-2: Strikes out swinging
Batting: LHB Nick Hill 0-0: Ball
1-0: Called Strike
1-1: Foul Ball, location: 2F
1-2: Foul Ball, location: 2F
1-2: Foul Ball, location: 2F
1-2: Strikes out looking
Batting: RHB Matt O'Rourke 0-0: Ball
1-0: Ball
2-0: Ball
3-0: Called Strike
3-1: Base on Balls
Batting: RHB Gerald Davis 0-0: Called Strike
0-1: Foul Ball, location: 2F
0-2: Ball
1-2: Ball
Matt O'Rourke steals 2nd base
2-2: Foul Ball, location: 2F
2-2: SINGLE (Groundball, 6D)
Matt O'Rourke to third
Runner from 3rd tries for Home, SAFE, no throw
Batting: LHB Arthur MacDonald 0-0: Ball
1-0: Called Strike
1-1: Called Strike
Gerald Davis is caught stealing 2nd base
Top of the 4th over - 1 run(s), 1 hit(s), 0 error(s), 0 left on base; Chula Vista 5 - Eau Claire 3
BOTTOM OF THE 4TH
Eau Claire Esquires batting - Pitching for Chula Vista Tacos : RHP Andrés Franco
Batting: RHB Kyle McIntyre 0-0: Called Strike
0-1: Ball
1-1: Ground out 4-3 (Groundball, 4)
Batting: LHB António Chávez 0-0: Ball
1-0: Ball
2-0: Called Strike
2-1: Ball
3-1: Called Strike
3-2: Strikes out swinging
Batting: RHB Chet White 0-0: Swinging Strike
0-1: Swinging Strike
0-2: Ball
1-2: Strikes out swinging
Bottom of the 4th over - 0 run(s), 0 hit(s), 0 error(s), 0 left on base; Chula Vista 5 - Eau Claire 3
TOP OF THE 5TH
Chula Vista Tacos batting - Pitching for Eau Claire Esquires : LHP César Galván
Pitching: RHP John Silva
Batting: LHB Arthur MacDonald 0-0: Foul Ball, location: 2F
0-1: Called Strike
0-2: Strikes out looking
Batting: RHB Jake Reeves 0-0: Foul Ball, location: 2F
0-1: Foul Ball, location: 2F
0-2: Ball
1-2: Foul Ball, location: 2F
1-2: Ball
2-2: SINGLE (Flyball, 6MD)
Batting: LHB Ethan Shaw 0-0: Fly out, F9 (Flyball, 9LS)
Batting: LHB Dave Reynolds 0-0: Ball
1-0: Called Strike
1-1: DOUBLE (Flyball, 9)
Jake Reeves to third
Runner from 3rd tries for Home, SAFE, no throw
Batting: LHB Steven Smith 0-0: Ball
1-0: Foul Ball, location: 2F
1-1: Ball
Wild Pitch!
Dave Reynolds to third
2-1: Swinging Strike
2-2: SINGLE (Line Drive, 9LS)
Dave Reynolds scores
Batting: RHB Jake Lawrence 0-0: Ball
1-0: Called Strike
1-1: Foul Ball, location: 2F
1-2: Ball
2-2: SINGLE (Flyball, 8LS)
Steven Smith to second
Batting: LHB Nick Hill 0-0: Foul Ball, location: 2F
0-1: Ball
1-1: Ball
2-1: Foul Ball, location: 2F
2-2: Ball
3-2: Foul Ball, location: 2F
3-2: Strikes out swinging
Top of the 5th over - 2 run(s), 4 hit(s), 0 error(s), 2 left on base; Chula Vista 7 - Eau Claire 3
BOTTOM OF THE 5TH
Eau Claire Esquires batting - Pitching for Chula Vista Tacos : RHP Andrés Franco
Batting: RHB Francisco Fernández 0-0: Ball
1-0: Ball
2-0: Ball
3-0: Foul Ball, location: 2F
3-1: Foul Ball, location: 2F
3-2: Base on Balls
Batting: RHB Dave Anderson 0-0: Called Strike
0-1: Ball
1-1: Swinging Strike
1-2: Ball
2-2: Strikes out swinging
Batting: SHB José Gonzáles 0-0: Called Strike
Francisco Fernández steals 2nd base
0-1: Ball
1-1: Ball
2-1: Ball
3-1: Swinging Strike
3-2: Base on Balls
Batting: RHB Pedro García 0-0: Ball
1-0: Called Strike
Francisco Fernández steals 3rd base
José Gonzáles to second
1-1: Called Strike
1-2: Strikes out looking
Pitching: RHP Carlos Flores
Batting: RHB Jason Stover 0-0: Called Strike
0-1: Swinging Strike
0-2: Ball
1-2: Foul Ball, location: 2F
1-2: Ball
2-2: Strikes out swinging
Bottom of the 5th over - 0 run(s), 0 hit(s), 0 error(s), 2 left on base; Chula Vista 7 - Eau Claire 3
TOP OF THE 6TH
Chula Vista Tacos batting - Pitching for Eau Claire Esquires : RHP John Silva
Pitching: RHP Armando Martínez
Batting: RHB Matt O'Rourke 0-0: Called Strike
0-1: Called Strike
0-2: Strikes out swinging
Batting: RHB Gerald Davis 0-0: Ball
1-0: Ball
2-0: Foul Ball, location: 2F
2-1: Called Strike
2-2: Ball
3-2: Strikes out swinging
Batting: LHB Arthur MacDonald 0-0: Ball
1-0: Called Strike
1-1: Swinging Strike
1-2: Ball
2-2: Strikes out swinging
Top of the 6th over - 0 run(s), 0 hit(s), 0 error(s), 0 left on base; Chula Vista 7 - Eau Claire 3
BOTTOM OF THE 6TH
Eau Claire Esquires batting - Pitching for Chula Vista Tacos : RHP Carlos Flores
Batting: RHB Rich Henley 0-0: Ball
1-0: Ball
2-0: Foul Ball, location: 2F
2-1: Ball
3-1: Foul Ball, location: 2F
3-2: Foul Ball, location: 2F
3-2: Foul Ball, location: 2F
3-2: Strikes out swinging
Batting: RHB Kyle McIntyre 0-0: Fly out, F8 (Line Drive, 8RM)
Batting: LHB António Chávez 0-0: Ball
1-0: Called Strike
1-1: Foul Ball, location: 2F
1-2: Foul Ball, location: 2F
1-2: Ball
2-2: Fly out, F7 (Flyball, 7LM)
Bottom of the 6th over - 0 run(s), 0 hit(s), 0 error(s), 0 left on base; Chula Vista 7 - Eau Claire 3
TOP OF THE 7TH
Chula Vista Tacos batting - Pitching for Eau Claire Esquires : RHP Armando Martínez
Batting: RHB Jake Reeves 0-0: Ball
1-0: Called Strike
1-1: Ball
2-1: Foul Ball, location: 2F
2-2: Fly out, F7 (Flyball, 78D)
Batting: LHB Ethan Shaw 0-0: Ball
1-0: Foul Ball, location: 2F
1-1: SINGLE (Groundball, 34D)
Batting: LHB Dave Reynolds 0-0: Called Strike
0-1: Ball
1-1: Fielders Choice at 2nd, 4-6 (Groundball, 4)
Batting: LHB Steven Smith 0-0: Foul Ball, location: 2F
0-1: Ball
Dave Reynolds is caught stealing 2nd base
Top of the 7th over - 0 run(s), 1 hit(s), 0 error(s), 0 left on base; Chula Vista 7 - Eau Claire 3
BOTTOM OF THE 7TH
Eau Claire Esquires batting - Pitching for Chula Vista Tacos : RHP Carlos Flores
Batting: RHB Chet White 0-0: Called Strike
0-1: Ball
1-1: Swinging Strike
1-2: Ball
2-2: Strikes out looking
Batting: RHB Francisco Fernández 0-0: Foul Ball, location: 2F
0-1: Ball
1-1: Ball
2-1: Fly out, F8 (Flyball, 8LM)
Batting: RHB Dave Anderson 0-0: Ball
1-0: Called Strike
1-1: Ball
2-1: Ball
3-1: Base on Balls
Batting: SHB José Gonzáles 0-0: Ball
1-0: Ball
2-0: Ball
3-0: Called Strike
3-1: Foul Ball, location: 2F
3-2: Ground out 1-3 (Groundball, 13)
Bottom of the 7th over - 0 run(s), 0 hit(s), 0 error(s), 1 left on base; Chula Vista 7 - Eau Claire 3
TOP OF THE 8TH
Chula Vista Tacos batting - Pitching for Eau Claire Esquires : RHP Armando Martínez
Batting: LHB Steven Smith 0-0: Foul Ball, location: 2F
0-1: Ball
1-1: DOUBLE (Line Drive, 89D)
Batting: RHB Jake Lawrence 0-0: Ball
1-0: Called Strike
1-1: Ball
2-1: SINGLE (Groundball, 34D)
Steven Smith to third
Batting: LHB Nick Hill 0-0: Ball
1-0: Called Strike
1-1: Swinging Strike
1-2: Foul Ball, location: 2F
1-2: Foul Ball, location: 2F
1-2: Ball
2-2: Foul Ball, location: 2F
2-2: Strikes out swinging
Batting: RHB Matt O'Rourke 0-0: Foul Ball, location: 2F
0-1: Ball
1-1: Ball
Jake Lawrence steals 2nd base
2-1: Ground out 5-3 (Groundball, 56S)
Steven Smith scores
Jake Lawrence to third
Pitching: RHP Eugene Johnston
Batting: RHB Gerald Davis 0-0: Swinging Strike
0-1: SINGLE (Groundball, 56D)
Jake Lawrence scores
Batting: LHB Arthur MacDonald 0-0: Ball
1-0: Ball
2-0: Called Strike
2-1: Ball
3-1: Base on Balls
Gerald Davis to second
Batting: RHB Jake Reeves 0-0: Fly out, F7 (Line Drive, 7S)
Top of the 8th over - 2 run(s), 3 hit(s), 0 error(s), 2 left on base; Chula Vista 9 - Eau Claire 3
BOTTOM OF THE 8TH
Eau Claire Esquires batting - Pitching for Chula Vista Tacos : RHP Carlos Flores
Batting: RHB Pedro García 0-0: Ground out 6-3 (Groundball, 6)
Batting: RHB Jason Stover 0-0: SOLO HOME RUN (Flyball, 7D), Distance : 349 ft
Batting: RHB Rich Henley 0-0: Foul Ball, location: 2F
0-1: Swinging Strike
0-2: Strikes out looking
Batting: RHB Kyle McIntyre 0-0: Called Strike
0-1: Foul Ball, location: 2F
0-2: Ball
1-2: Ball
2-2: Ball
3-2: SINGLE (Line Drive, 7LS)
Pitching: LHP Doug Ledoux
Batting: LHB António Chávez 0-0: Ball
Balk!
Kyle McIntyre to second
1-0: Ball
2-0: Ball
3-0: Foul Ball, location: 2F
3-1: Base on Balls
Batting: RHB Chet White 0-0: Foul Ball, location: 2F
0-1: DOUBLE (Groundball, 5L)
Kyle McIntyre scores
António Chávez to third
Runner from 3rd tries for Home, SAFE, throw made home
Pitching: RHP Andre Huff
Batting: RHB Francisco Fernández 0-0: Ball
1-0: Swinging Strike
1-1: Foul Ball, location: 2F
1-2: Ball
2-2: Ball
3-2: Strikes out swinging
Bottom of the 8th over - 3 run(s), 3 hit(s), 0 error(s), 1 left on base; Chula Vista 9 - Eau Claire 6
TOP OF THE 9TH
Chula Vista Tacos batting - Pitching for Eau Claire Esquires : RHP Eugene Johnston
Batting: LHB Ethan Shaw 0-0: SINGLE (Flyball, 8LS)
Batting: LHB Dave Reynolds 0-0: Swinging Strike
0-1: Foul Ball, location: 2F
0-2: Ball
1-2: Foul Ball, location: 2F
1-2: Ball
2-2: Strikes out swinging
Batting: LHB Steven Smith 0-0: Fly out, F8 (Line Drive, 8LD)
Batting: RHB Jake Lawrence 0-0: Fly out, F7 (Line Drive, 78D)
Top of the 9th over - 0 run(s), 1 hit(s), 0 error(s), 1 left on base; Chula Vista 9 - Eau Claire 6
BOTTOM OF THE 9TH
Eau Claire Esquires batting - Pitching for Chula Vista Tacos : RHP Andre Huff
Pitching: LHP Matt Hull
Batting: RHB Dave Anderson 0-0: Foul Ball, location: 2F
0-1: Ball
1-1: Called Strike
1-2: Ball
2-2: Ball
3-2: Strikes out swinging
Batting: SHB José Gonzáles 0-0: Foul Ball, location: 2F
0-1: Foul Ball, location: 2F
0-2: Ball
1-2: Ground out 5-3 (Groundball, 56S)
Batting: RHB Pedro García 0-0: Ball
1-0: Ball
2-0: Foul Ball, location: 2F
2-1: Called Strike
2-2: Ball
3-2: Strikes out swinging
Bottom of the 9th over - 0 run(s), 0 hit(s), 0 error(s), 0 left on base; Chula Vista 9 - Eau Claire 6
Tuesday, August 8th, 2017 - OOTP Baseball 17.12 Build 75